 Dungeon Crawl Stone Soup version 0.28-a0-998-gb9e9c7b67e (webtiles) character file.

Game seed: 16602900861408670033

153 Strat the Chopper (level 4, -3/37 HPs)
             Began as a Demigod Delver on Dec 6, 2021.
             Slain by an orc priest (4 damage)
             ... on level 3 of the Dungeon.
             The game lasted 00:06:34 (3086 turns).

Strat the Chopper (Demigod Delver)                  Turns: 3086, Time: 00:06:35

Health: -3/37      AC: 15    Str: 17    XL:     4   Next: 88%
Magic:  6/6        EV: 10    Int: 12    God:
Gold:   107        SH:  0    Dex: 15    Spells: 2/3 levels left

rFire   . . .      SeeInvis .   a - +0 hand axe (protect)
rCold   . . .      Faith    .   (no shield)
rNeg    . . .      Spirit   .   k - +0 scale mail
rPois   .          Reflect  .   h - +2 hat
rElec   .          Harm     .   (no cloak)
rCorr   .          Rampage  .   (no gloves)
Will    .....                   (no boots)
Stlth   +.........              (no amulet)
HPRegen 0.12/turn               (no ring)
MPRegen 0.10/turn               (no ring)

@: under a protective aura
A: high mp 1, forlorn, divine attributes
a: no special abilities


You were on level 3 of the Dungeon.
You visited 1 branch of the dungeon, and saw 5 of its levels.

You collected 107 gold pieces.

Inventory:

Hand Weapons
 a - a +0 hand axe of protection (weapon)
Missiles
 i - 125 stones (quivered)
 p - 24 sling bullets
Armour
 b - a +0 leather armour
 h - a +2 hat (worn)
 k - a +0 scale mail (worn)
 o - a +0 chain mail
Jewellery
 m - a ring of ice
Wands
 g - a wand of digging (3)
Scrolls
 c - a scroll of fog
 d - a scroll of magic mapping
Potions
 j - a potion of curing {unknown}
 n - a potion of might {unknown}
 q - a potion of invisibility {unknown}
 s - a potion of attraction {unknown}


   Skills:
 - Level 2.6 Fighting
 + Level 4.9 Axes
 - Level 1.7 Dodging
 - Level 4.5 Stealth


You had 2 spell levels left.
You knew the following spells:

 Your Spells              Type           Power      Damage    Failure   Level
a - Apportation           Tloc           0%         N/A       77%         1

Your spell library contained the following spells:

 Spells                   Type           Power      Damage    Failure   Level
 Beastly Appendage        Tmut           0%         N/A       77%         1
 Wereblood                Tmut           0%         N/A       88%         2
 Spider Form              Tmut/Pois      0%         N/A       98%         3
 Alistair's Intoxication  Tmut/Pois      0%         N/A       100%        5


Dungeon Overview and Level Annotations

Branches:
Dungeon (5/15)
 Temple: D:4-7


Innate Abilities, Weirdness & Mutations

You have an increased reservoir of magic. (+10% MP)
You shall have no god before yourself.
Your divine heritage dramatically boosts your attributes as you level up.


Message History

The orc hits you but does no damage.
The orc priest begins to cast a cantrip, but forgets the words!
You hit the orc.
You kill the orc!
* * * LOW HITPOINT WARNING * * *
You feel very sick.
You feel much better.
You feel very sick.
You closely miss the orc priest.
You feel sick.
The orc priest hits you but does no damage.
You hit the orc priest but do no damage.
You feel sick.
The orc priest mumbles some strange prayers to Beogh against you.
You barely resist. The orc priest misses you.
You hit the orc priest but do no damage.
You feel sick. The orc priest closely misses you.
You completely miss the orc priest.
You feel sick.
The orc priest hits you but does no damage.
You hit the orc priest.
The orc priest is lightly wounded.
You feel sick.
The orc priest hits you but does no damage.
You hit the orc priest.
The orc priest is moderately wounded.
You feel sick.
The orc priest mumbles some strange prayers to Beogh against you.
Beogh smites you!
* * * LOW HITPOINT WARNING * * *
You hit the orc priest but do no damage.
The orc priest is moderately wounded.
* * * LOW HITPOINT WARNING * * *
You feel sick.
The orc priest hits you but does no damage.
You hit the orc priest.
The orc priest is severely wounded.
* * * LOW HITPOINT WARNING * * *
You feel sick.
You are no longer poisoned.
The orc priest hits you with a +0 hand axe.
You die...

....##...#
#...o.####..####>..
..########
##....##≈≈####≈≈##.. .##
##.o...#≈≈≈≈≈≈≈≈≈÷..# .#
##..######≈≈####≈≈##.#
## #..## #≈##≈≈####... #
###.### #≈#≈≈≈≈≈≈#... #
#.....# #≈#≈.≈≈†≈#... #
#...).######≈##≈≈##≈#..#
#
#.....o@..##≈†####≈≈####
#
#########.#≈≈≈≈≈≈†≈≈≈#..
# ####≈≈####≈≈#### #
#### ####


You could see an orc priest.

Vanquished Creatures
  Terence (D:2)
  3 adders (D:3)
  3 river rats (D:3)
  A worm (D:2)
  2 dart slugs
  2 orcs (D:3)
  4 ball pythons
  4 endoplasms
  A giant cockroach (D:3)
  2 hobgoblins
  6 jackals
  2 quokkas
  5 bats
  7 frilled lizards
  7 goblins
  10 kobolds
  8 rats
68 creatures vanquished.

Vanquished Creatures (others)
  17 plants (D:2)
17 creatures vanquished.

Grand Total: 85 creatures vanquished

Notes
Turn   | Place    | Note
-------+----------+-------------------------------------------
     0 | D:5      | Strat the Demigod Delver began the quest for the Orb.
     0 | D:5      | Reached XP level 1. HP: 18/18 MP: 3/3
    22 | D:5      | Noticed a scorpion
   153 | D:2      | You fall into a shaft and drop 1 floor!
   572 | D:1      | Reached XP level 2. HP: 21/25 MP: 4/4
  1228 | D:2      | Learned a level 1 spell: Apportation
  1314 | D:2      | Reached XP level 3. HP: 27/30 MP: 5/5
  1422 | D:2      | Noticed Terence
  1748 | D:2      | Killed Terence
  1899 | D:3      | Reached XP level 4. HP: 37/37 MP: 6/6
  3086 | D:3      | HP: 1/37 [poisoned by an orc]
  3086 | D:3      | Slain by an orc priest

Illustrated notes

Levels and vault maps discovered:
D:1:      ncdulo_wetmaze, layout_loops_cross
D:2:      layout_basic, ebering_ecumenical_altar_rust, lexackson_kobold_supper,
          uniq_terence
D:3:      layout_rooms, lemuel_tele_altar, gup_sewer_entry_bubbles
D:4:      layout_rooms, serial_shops, shop
D:5:      layout_gridville, mainiacjoe_overflow_24_doors,
          nicolae_overflow_crystal_walls, uniq_blork_the_orc

Skill      XL: |  1  2  3 |
---------------+----------+-----
Axes           | 2 3 4 |  4.9
Fighting       | |  2.6
Dodging        | |  1.7
Stealth        | |  4.5

Action                   |  1- 3 |  4- 6 || total
-------------------------+-------+-------++-------
Melee: Hand axe          |   131 |   114 ||   245
Throw: Stone             |     1 |     1 ||     2
  Use: Potion            |     1 |     3 ||     4
       Scroll            |     3 |     5 ||     8
 Stab: Sleeping          |     6 |     2 ||     8
Armor: Leather armour    |     6 |       ||     6
       Scale mail        |    53 |    66 ||   119
Dodge: Dodged            |    59 |    66 ||   125

Table legend: (Time is in decaauts)
 A = Elapsed time spent in this place.
 B = Non-inter-level travel time spent in this place.
 C = Inter-level travel time spent in this place.
 D = Time resting spent in this place.
 E = Time spent auto-exploring this place.
 F = Levels seen in this place.
 G = Mean time per level.
                   A        B        C        D        E       F      G
               +--------+--------+--------+--------+--------+-----+--------+
         Total |   3140 |   2976 |    164 |    528 |   1491 |   5 |  628.0 |
       Dungeon |   3140 |   2976 |    164 |    528 |   1491 |   5 |  628.0 |
               +--------+--------+--------+--------+--------+-----+--------+

Top non-repeatable levels by time:
     D:3: 1160 daAuts
     D:2: 1048 daAuts
     D:1: 891 daAuts
     D:5: 26 daAuts
     D:4: 13 daAuts
